 Dungeon Crawl Stone Soup version 0.28-a0-983-g1de4e0787c (webtiles) character file.

Game seed: 11919375399138202364

70 ytrimaz the Skirmisher (level 4, 35/35 HPs)
             Began as a Demonspawn Fighter on Dec 2, 2021.
             Quit the game on level 3 of the Dungeon.
             The game lasted 00:01:26 (1561 turns).

ytrimaz the Skirmisher (Demonspawn Fighter)         Turns: 1561, Time: 00:01:26

Health: 35/35      AC:  6    Str: 18    XL:     4   Next: 3%
Magic:  4/4        EV: 13    Int: 10    God:
Gold:   69         SH:  4    Dex: 12    Spells: 3/3 levels left

rFire   . . .      SeeInvis .   a - +0 war axe
rCold   . . .      Faith    .   c - +0 buckler
rNeg    . . .      Spirit   .   b - +0 scale mail
rPois   .          Reflect  .   (no helmet)
rElec   .          Harm     .   (no cloak)
rCorr   .          Rampage  .   (no gloves)
Will    .....                   (no boots)
Stlth   ..........              (no amulet)
HPRegen 0.11/turn               f - +4 ring of evasion
MPRegen 0.09/turn               (no ring)

@: no status effects
A: hooves 1, demonic magic 1
a: no special abilities


You were on level 3 of the Dungeon.
You visited 1 branch of the dungeon, and saw 3 of its levels.

You collected 69 gold pieces.

Inventory:

Hand Weapons
 a - a +0 war axe (weapon)
Armour
 b - a +0 scale mail (worn)
 c - a +0 buckler (worn)
Jewellery
 f - a +4 ring of evasion (left hand)
Wands
 i - a wand of digging (4)
Scrolls
 e - a scroll of identify
 g - a scroll of noise
 h - a scroll of teleportation
Potions
 d - a potion of might


   Skills:
 + Level 3.3 Fighting
 + Level 2.7 Axes
 + Level 3.2 Armour
 + Level 3.1 Shields


You had 3 spell levels left.
You didn't know any spells.
Your spell library contained the following spells:

 Spells                   Type           Power      Damage    Failure   Level
 Sandblast                Erth           0%         2d4       78%         1
 Blink                    Tloc           0%         N/A       89%         2
 Passwall                 Tmut/Erth      0%         N/A       89%         2
 Lesser Beckoning         Tloc           0%         N/A       98%         3
 Stone Arrow              Conj/Erth      0%         3d7       98%         3
 Manifold Assault         Tloc           0%         N/A       100%        5


Dungeon Overview and Level Annotations

Branches:
Dungeon (3/15)

Altars:

Shops:
D:1 [


Innate Abilities, Weirdness & Mutations

You have large cloven feet.
Spells you cast may paralyse adjacent enemies.


Message History

Ijyb is moderately wounded.
Ijyb hits you with a +0 club.
You hit Ijyb. You kick Ijyb.
Ijyb is severely wounded.
Ijyb screams, "I cut your head off!" Ijyb hits you with a +0 club.
You block Ijyb's attack.
You barely miss Ijyb. Your kick misses Ijyb.
Ijyb is severely wounded.
Ijyb hits you but does no damage.
You hit Ijyb but do no damage. You kick Ijyb, but do no damage.
Ijyb is severely wounded.
Ijyb completely misses you.
You barely miss Ijyb. You kick Ijyb.
Ijyb is severely wounded.
You block Ijyb's attack. Ijyb misses you.
You closely miss Ijyb.
Ijyb is severely wounded.
Ijyb hits you but does no damage.
You slash Ijyb!
You kill Ijyb!
You have reached level 4!
You feel clever.
Your demonic ancestry asserts itself...
A menacing aura infuses your magic.
No target in view!
No target in view!
HP restored.
i - a wand of digging (4)
Things that are here:
a +0 club; a +1 scale mail of willpower
There is a stone staircase leading down here.
You now have 69 gold pieces (gained 7).
A goblin comes into view. It is wielding a +0 dagger.
The goblin shouts!
A goblin is nearby!
A goblin is nearby!
A goblin is nearby!
Are you sure you want to abandon this character and quit the game? (Confirm with "yes".)
Okay, then.
The goblin barely misses you.
Are you sure you want to abandon this character and quit the game? (Confirm with "yes".)

#.##.## #.#
.....# #.#
#.#.######.#
#..>...)...#
###.#####..#
#.# #..# #.#
#..# #.#
#..# #@#
#..#
#.g......#
########.#


You could see a goblin.

Vanquished Creatures
  Ijyb (D:3)
  An adder (D:2)
  A worm (D:2)
  3 endoplasms
  A giant cockroach (D:1)
  4 goblins (D:2)
  2 hobgoblins
  4 kobolds
  A quokka (D:2)
  4 ball pythons
  3 bats
  3 frilled lizards
  6 rats
34 creatures vanquished.

Notes
Turn   | Place    | Note
-------+----------+-------------------------------------------
     0 | D:1      | ytrimaz the Demonspawn Fighter began the quest for the Orb.
     0 | D:1      | Reached XP level 1. HP: 18/18 MP: 1/1
    41 | D:1      | Found Heunt's Armour Boutique.
   270 | D:1      | Gained mutation: You have large cloven feet. [demonic
                  | ancestry]
   270 | D:1      | Reached XP level 2. HP: 24/24 MP: 2/2
   999 | D:2      | Found a faded altar of an unknown god.
  1045 | D:2      | Reached XP level 3. HP: 20/29 MP: 3/3
  1444 | D:3      | Noticed Ijyb
  1459 | D:3      | Killed Ijyb
  1460 | D:3      | Gained mutation: Spells you cast may paralyse adjacent
                  | enemies. [demonic ancestry]
  1460 | D:3      | Reached XP level 4. HP: 25/35 MP: 4/4
  1561 | D:3      | Quit the game

Illustrated notes

Levels and vault maps discovered:
D:1:      saegor_arrival_simple_d, layout_basic, serial_shops,
          nicolae_shop_crystal, amcnicky_mini_pool_small
D:2:      layout_basic, chequers_ecumenical_altar_island
D:3:      layout_basic, grunt_ministairs_15, uniq_crazy_yiuf_cottage,
          uniq_terence, uniq_ijyb

Skill      XL: |  1  2 |
---------------+-------+-----
Armour         | 3 |  3.2
Axes           | 2 |  2.7
Shields        | 3 |  3.1
Fighting       | |  3.3

Action                   |  1- 3 |  4- 6 || total
-------------------------+-------+-------++-------
Melee: War axe           |    79 |       ||    79
       Kick              |    12 |       ||    12
  Use: Scroll            |     3 |       ||     3
Armor: Scale mail        |    26 |       ||    26
Dodge: Dodged            |    59 |     1 ||    60
Block: Buckler           |    18 |       ||    18

Table legend: (Time is in decaauts)
 A = Elapsed time spent in this place.
 B = Non-inter-level travel time spent in this place.
 C = Inter-level travel time spent in this place.
 D = Time resting spent in this place.
 E = Time spent auto-exploring this place.
 F = Levels seen in this place.
 G = Mean time per level.
                   A        B        C        D        E       F      G
               +--------+--------+--------+--------+--------+-----+--------+
         Total |   1595 |   1549 |     46 |      0 |   1282 |   3 |  531.7 |
       Dungeon |   1595 |   1549 |     46 |      0 |   1282 |   3 |  531.7 |
               +--------+--------+--------+--------+--------+-----+--------+

Top non-repeatable levels by time:
     D:1: 767 daAuts
     D:2: 694 daAuts
     D:3: 133 daAuts
